 Dungeon Crawl Stone Soup version 0.21.0 (webtiles) character file.

63 theanonym the Firebug (level 3, 0/19 HPs)
             Began as a Deep Elf Fire Elementalist on Jan 6, 2018.
             Slain by an orc
             ... wielding a +0 hand axe
              (8 damage)
             ... on level 2 of the Dungeon.
             The game lasted 00:05:12 (860 turns).

theanonym the Firebug (Deep Elf Fire Elementalist)   Turns: 860, Time: 00:05:12

Health: 0/19       AC:  2    Str:  5    XL:     3   Next: 87%
Magic:  0/10       EV: 13    Int: 20    God:
Gold:   37         SH:  0    Dex: 15    Spells: 5/9 levels left

rFire    . . .     SeeInvis .   l - +0 dagger
rCold    . . .     Gourm    .   (no shield)
rNeg     . . .     Faith    .   a - +0 robe {0}
rPois    .         Spirit   .   (no helmet)
rElec    .         Reflect  .   (no cloak)
rCorr    .         Harm     .   (no gloves)
MR       .....                  (no boots)
Stlth    ++........             (no amulet)
HPRegen  0.06/turn              (no ring)
MPRegen  0.12/turn              (no ring)

@: no status effects
A: no striking features
a: no special abilities


   Skills:
 - Level 2.4 Dodging
 - Level 2.4 Stealth
 + Level 3.8 Spellcasting
 * Level 3.0 Conjurations
 + Level 3.9 Fire Magic


You had 5 spell levels left.
You knew the following spells:

 Your Spells              Type           Power        Failure   Level  Hunger
a - Flame Tongue          Conj/Fire      ###..        3%          1    None
b - Conjure Flame         Conj/Fire      ###.....     10%         3    ###....

Skill      XL: |  1  2  3 |
---------------+----------+-----
Conjurations   | 2 3 |  3.0
Dodging        | |  2.4
Stealth        | |  2.4
Spellcasting   | |  3.8
Fire Magic     | |  3.9

Action                   || total
-------------------------++-------
Melee: Short sword       ||     9
       Dagger            ||     2
 Cast: Flame Tongue      ||    47
Dodge: Dodged            ||    18

Inventory:

Hand Weapons
 f - a +0 short sword
   (You found it on level 1 of the Dungeon)
 l - a +0 dagger (weapon)
   (You took it off a goblin on level 1 of the Dungeon)
Armour
 a - a +0 robe (worn) {0}
Scrolls
 h - a scroll of identify {unknown}
 i - a scroll of fear {unknown}
 j - a scroll of immolation {unknown}
 k - a scroll of remove curse {unknown}
Potions
 c - 2 potions of haste {unknown}
 d - a potion of curing {unknown}
Books
 b - a book of Flames
Comestibles
 e - 2 rations
 g - 2 chunks of flesh


You were on level 2 of the Dungeon.
You were not hungry.

You visited 1 branch of the dungeon, and saw 2 of its levels.

You collected 37 gold pieces.

Dungeon Overview and Level Annotations

Branches:
Dungeon (2/15)

Altars:

#.....l#
##########
#......#
#.........
#......##
#.########
#†.....gS #<#
#####.#......#
#÷# .......o###
#.# .......o..#
#.############.#
#..........@o).#
#############..#
.........#
#..#####.# #..
####


You could see an orc.

Notes
Turn   | Place    | Note
-------+----------+-------------------------------------------
     0 | D:1      | theanonym the Deep Elf Fire Elementalist began the quest for the Orb.
     0 | D:1      | Reached XP level 1. HP: 10/10 MP: 6/6
   169 | D:1      | Reached XP level 2. HP: 15/15 MP: 5/8
   232 | D:1      | Reached skill level 2 in Conjurations
   832 | D:2      | Reached XP level 3. HP: 19/19 MP: 7/10
   847 | D:2      | Learned a level 3 spell: Conjure Flame
   849 | D:2      | Reached skill level 3 in Conjurations
   859 | D:2      | HP: 8/19 [orc/hand axe (7)]
   860 | D:2      | Slain by an orc

Vanquished Creatures
  An orc wizard (D:2)
  A dart slug (D:1)
  2 leopard geckos (D:2)
  An orc (D:2)
  5 goblins (D:1)
  3 hobgoblins
  3 jackals (D:1)
  A bat (D:1)
  4 frilled lizards (D:1)
  2 kobolds (D:1)
  5 rats (D:1)
28 creatures vanquished.

Table legend:
 A = Turns spent in this place as a percentage of turns spent in the entire game.
 B = Non-inter-level travel turns spent in this place as a percentage of non-inter-level travel turns spent in the entire game.
 C = Inter-level travel turns spent in this place as a percentage of turns spent in this place.
 D = Turns resting spent in this place as a percentage of non-inter-level travel turns spent in this place.
 E = Turns spent auto-exploring this place as a percentage of non-inter-level travel turns spent in this place.
 F = Non-inter-level travel turns spent in this place divided by the number of levels of this place that you've seen.
                   A       B       C       D       E      F
               +-------+-------+-------+-------+-------+----------------------
         Total | 100.0 | 100.0 |   5.3 |  28.9 |  53.6 | 407.0
       Dungeon | 100.0 | 100.0 |   5.3 |  28.9 |  53.6 | 407.0
               +-------+-------+-------+-------+-------+----------------------
